 Dungeon Crawl Stone Soup version 0.31-a0-702-gf82c85558f (webtiles) character file.

Game seed: 2765204444131827801

39 Essalna the Conjurer (level 3, 0/24 HPs)
             Began as a Demonspawn Conjurer on Sept 8, 2023.
             Slain by an ufetubus (2 damage)
             ... on level 3 of the Dungeon.
             The game lasted 00:01:32 (1124 turns).

Essalna the Conjurer (Demonspawn Conjurer)          Turns: 1124, Time: 00:01:33

Health: 0/24       AC:  2    Str:  7    XL:     3   Next: 26%
Magic:  6/6        EV: 11    Int: 21    God:
Gold:   136        SH:  4    Dex: 11    Spells: 4/7 levels left

rFire   . . .        d - +0 whip
rCold   . . .        c - +0 buckler
rNeg    . . .        a - +0 robe
rPois   .            (no helmet)
rElec   .            (no cloak)
rCorr   .            (no gloves)
SInv    .            (no boots)
Will    .....        (no amulet)
Stlth   ++           (no ring)
HPRegen 0.24/turn    (no ring)
MPRegen 0.10/turn

%: no passive effects
@: no status effects
A: foul stench 2
a: no special abilities


You were on level 3 of the Dungeon.
You visited 1 branch of the dungeon, and saw 3 of its levels.

You collected 136 gold pieces.

Inventory:

Hand Weapons
 d - a +0 whip (weapon)
Armour
 a - a +0 robe (worn)
 c - a +0 buckler (worn)
Jewellery
 f - a ring of fire
Scrolls
 g - a scroll of identify {unknown}
 h - a scroll of fear {unknown}
 i - a scroll of teleportation {unknown}
 j - a scroll of blinking {unknown}
Potions
 b - 3 potions of magic
 e - a potion of attraction {unknown}


   Skills:
 - Level 1.7 Dodging
 - Level 1.7 Stealth
 + Level 1.1 Shields
 + Level 2.6 Spellcasting
 + Level 4.4 Conjurations


You had 4 spell levels left.
You knew the following spells:

 Your Spells              Type           Power      Damage    Failure   Level
a - Magic Dart            Conj           84%        1d7       3%          1
b - Searing Ray           Conj           42%        2d6       5%          2

Your spell library contained the following spells:

 Spells                   Type           Power      Damage    Failure   Level
 Dazzling Flash           Conj/Hex       24%        N/A       28%         3
 Fulminant Prism          Conj/Hex       6%         3d7       67%         4
 Iskenderun's Mystic Bla  Conj/Tloc      12%        2d5       67%         4


Dungeon Overview and Level Annotations

Branches:
Dungeon (3/15)

Altars:


Innate Abilities, Weirdness & Mutations

You sometimes emit foul miasma when damaged in melee.


Message History

A frilled lizard is nearby!
A frilled lizard is nearby!
A frilled lizard is nearby!
Found 5 stones.
Found 4 poisoned darts.
The frilled lizard hisses angrily.
Found 4 stones.
You miss the frilled lizard. The frilled lizard bites you.
You closely miss the frilled lizard. The frilled lizard closely misses you.
You hit the frilled lizard.
You kill the frilled lizard!
No target in view!
No target in view!
No target in view!
No target in view!
No target in view!
No target in view!
No target in view!
No target in view!
No target in view!
No target in view!
An ufetubus comes into view.
An ufetubus is nearby!
An ufetubus is nearby!
An ufetubus is nearby!
The ufetubus shouts!
The ufetubus hits you. x3; The ufetubus closely misses you.
There are no items here.
The ufetubus closely misses you. The ufetubus barely misses you.
The ufetubus hits you. You block the ufetubus's attack. The ufetubus hits you.
You block the ufetubus's attack.
The ufetubus hits you but does no damage.
You block the ufetubus's attack.
A hobgoblin comes into view.
The ufetubus hits you.
* * * LOW HITPOINT WARNING * * *
You emit a cloud of foul miasma!
The ufetubus hits you.
* * * LOW HITPOINT WARNING * * *
The ufetubus hits you.
You die...

#.....PP.........#.
#.....PPPPPPP......
#.....PPPPPPP......
#.....†............
#..................
#.......#.###......
#(.....(#.# ####.#.
##.#.####.## #.#.
#@......... #.#.
#.g5.......... #...
#.####.####...####..#
# #.# #...#.....# #.#
#.....###.# #.#
##>.<.# #.# #.#
#......... .#
#........# #.#..#####


You could see an ufetubus and a hobgoblin (wandering).

Vanquished Creatures
  An adder (D:2)
  A worm (D:3)
  A dart slug (D:2)
  6 bats
  2 endoplasms
  3 hobgoblins
  A quokka (D:1)
  4 ball pythons
  2 frilled lizards
  A kobold (D:1)
  3 rats (D:1)
25 creatures vanquished.

Notes
Turn   | Place    | Note
-------+----------+-------------------------------------------
     0 | D:1      | Essalna the Demonspawn Conjurer began the quest for the
                  | Orb.
     0 | D:1      | Reached XP level 1. HP: 13/13 MP: 3/3
   179 | D:1      | Gained mutation: You may rarely emit foul miasma when
                  | damaged in melee. [demonic ancestry]
   179 | D:1      | Reached XP level 2. HP: 19/19 MP: 1/5
   459 | D:1      | Learned a level 2 spell: Searing Ray
   679 | D:2      | Gained mutation: You sometimes emit foul miasma when
                  | damaged in melee. [demonic ancestry]
   679 | D:2      | Reached XP level 3. HP: 10/24 MP: 0/6
   763 | D:2      | Reached skill level 1 in Shields
  1124 | D:3      | Slain by an ufetubus

Illustrated notes

Levels and vault maps discovered:
D:1:      scummos_arrival_star, layout_basic, minmay_rat_gold_closets
D:2:      cheibrodos_greedy_goblins, layout_basic
D:3:      layout_loops_ring, mainiacjoe_overflow_chevrons,
          minmay_misc_feat_five, minmay_misc_feat_roman, uniq_ijyb

Skill      XL: |  1  2  3 |
---------------+----------+-----
Shields        | 1 |  1.1
Dodging        | |  1.7
Stealth        | |  1.7
Spellcasting   | |  2.6
Conjurations   | |  4.4

Action                     || total
---------------------------++-------
  Melee: Whip              ||     9
   Cast: Magic Dart        ||    41
 Armour: Robe              ||    22
  Dodge: Dodged            ||     5
  Block: Buckler           ||     7

Table legend: (Time is in decaauts)
 A = Elapsed time spent in this place.
 B = Non-inter-level travel time spent in this place.
 C = Inter-level travel time spent in this place.
 D = Time resting spent in this place.
 E = Time spent auto-exploring this place.
 F = Levels seen in this place.
 G = Mean time per level.
                   A        B        C        D        E       F      G
               +--------+--------+--------+--------+--------+-----+--------+
         Total |   1124 |   1036 |     88 |      0 |    854 |   3 |  374.7 |
       Dungeon |   1124 |   1036 |     88 |      0 |    854 |   3 |  374.7 |
               +--------+--------+--------+--------+--------+-----+--------+

Top non-repeatable levels by time:
     D:1: 610 daAuts
     D:2: 383 daAuts
     D:3: 131 daAuts
